cohdb
Replays
Latest Replays
All Replays
Popular Replays
Top Player Replays
Match Explorer
How It Works
Community
CoH3 Stats
Reddit
Sign in to upload your games and track your stats! →
Sign in with Steam
Match 45913546
Unlisted
Match 45913546
Overview
Messages
Build Orders
End
Kradschützen Motorcycle Team
Selects Italian Combined Arms Battlegroup
Selects Bersaglieri Squad
Bersaglieri Squad
250 Light Carrier
Panzergrenadier Squad
Construct Light Support Kompanie
Panzerpioneer Squad
Construct Mechanized Kompanie
Fajolada
*/\*
0
0
Comments
sign in to comment!
No comments posted yet!